 Dungeon Sprint DCSS version 0.28.0-43-g3370ac3207 (webtiles) character file.

Game seed: 2868629715725908282

10300000 smarlow the Archmage (level 27, -15/228 HPs)
             Began as a Djinni Warper on Mar 9, 2022.
             Was the Champion of Makhleb.
             Killed by the air
             ... invoked by a tyrant
              (43 damage)
             ... in the Dungeon (Sprint VIII: "Arena of Blood").
             The game lasted 00:06:25 (103 turns).

smarlow the Archmage (Djinni Warper)                 Turns: 103, Time: 00:06:25

Health: -15/228    AC:  6    Str: 10    XL:     27
Gold:   0          EV: 36    Int: 17    God:    Makhleb [******] SH:  0 Dex: 25

rFire   + + .      SeeInvis +   i - +∞ Axe of Woe
rCold   x . .      Faith    .   (shield currently unavailable)
rNeg    . . .      Spirit   .   b - +0 leather armour
rPois   ∞          Reflect  .   (no helmet)
rElec   .          Harm     .   (no cloak)
rCorr   .          Rampage  .   (no gloves)
Will    ++...      NoTele   +   (boots unavailable)
Stlth   ++++++++++              (no amulet)
HPRegen 0.48/turn               g - ring of see invisible
MPRegen 0.00/turn               (no ring)

@: flying
A: sickness immunity, fire resistance 2, cold vulnerability 1, float, innate
caster, HP casting, extra vitality 1
a: Renounce Religion, Minor Destruction, Lesser Servant of Makhleb, Major
Destruction, Greater Servant of Makhleb


You were in the Dungeon.
You worshipped Makhleb.
Makhleb was exalted by your worship.
You visited 1 branch

Inventory:

Hand Weapons
 a - a +0 hand axe
 i - the +∞ Axe of Woe (weapon)
   (You found it in the Dungeon)
Missiles
 d - 5 boomerangs of dispersal (quivered)
Armour
 b - a +0 leather armour (worn)
Jewellery
 g - a ring of see invisible (left hand)
Scrolls
 c - 2 scrolls of blinking
Potions
 e - a potion of curing
 f - a potion of heal wounds
 h - a potion of berserk rage


   Skills:
 O Level 27 Fighting
 O Level 27 Short Blades
 O Level 27 Long Blades
 O Level 27 Axes
 O Level 27 Maces & Flails
 O Level 27 Polearms
 O Level 27 Staves
 O Level 27 Slings
 O Level 27 Bows
 O Level 27 Crossbows
 O Level 27 Throwing
 O Level 27 Armour
 O Level 27 Dodging
 O Level 27 Stealth
 O Level 27 Shields
 O Level 27 Unarmed Combat
 O Level 27 Spellcasting
 O Level 27 Invocations
 O Level 27 Evocations


You couldn't memorise any spells.
You knew the following spells:

 Your Spells              Type           Power      Damage    Failure   Level
a - Blink                 Tloc           100%       N/A       0%          2
b - Lesser Beckoning      Tloc           86%        N/A       0%          3
c - Gell's Gravitas       Tloc           86%        N/A       0%          3
d - Teleport Other        Tloc           86%        N/A       0%          3
e - Manifold Assault      Tloc           86%        N/A       0%          5
f - Beastly Appendage     Tmut           100%       N/A       0%          1
g - Passwall              Tmut/Erth      71%        N/A       0%          2
h - Dazzling Flash        Conj/Hex       100%       N/A       0%          3
i - Conjure Flame         Conj/Fire      86%        6-21      0%          3
j - Anguish               Hex/Necr       43%        N/A       0%          4
k - Fireball              Conj/Fire      43%        3d17      0%          5
l - Iron Shot             Conj/Erth      43%        9d8       0%          6
m - Ozocubu's Refrigerat  Ice            43%        4d13      1%          7
n - Monstrous Menagerie   Summ           43%        N/A       1%          7
o - Malign Gateway        Summ/Tloc      43%        N/A       1%          7
p - Enfeeble              Hex            43%        N/A       1%          7
q - Infestation           Necr           43%        N/A       1%          8
r - Chain Lightning       Conj/Air       43%        3d57      2%          9
Your spell library was empty.

Dungeon Overview and Level Annotations

Branches:
Dungeon (1/1)

Altars:
Makhleb

Annotations:
D The Defiler, The Servant


Innate Abilities, Weirdness & Mutations

You are immune to sickness and miasma.
You are immune to poison.
Your flesh is very heat resistant. (rF++)
You are vulnerable to cold. (rC-)
You float through the air rather than walking.
You learn spells naturally, not from books.
Your magical power is your life essence.
You have superior vitality. (+4 MHP)


Message History

The bolt of lightning hits The Defiler!!!
The Defiler is heavily wounded.
The bolt of lightning hits the observer!
The observer is severely wounded.
The bolt of lightning hits the observer!!!
The observer is lightly wounded.
The observer turns its gaze towards you.
The bolt of lightning hits the meat beast!!
The meat beast is lightly wounded.
The bolt of lightning hits the observer!!
The observer is heavily wounded.
The bolt of lightning hits the bag of meat!!
The bag of meat is heavily wounded.
The bolt of lightning hits The Servant!!
The Servant is lightly wounded.
The bolt of lightning hits the tyrant!
The tyrant is lightly damaged.
The bolt of lightning hits the eight-headed meat hydra!!
The eight-headed meat hydra is almost dead.
The bolt of lightning hits the tyrant!!
The tyrant is lightly damaged.
The bolt of lightning hits the bag of meat!!
The bag of meat is almost dead.
The bag of meat shouts!
You are engulfed in blazing flames.
You resist.
You hear a shout! x2
The observer gazes at you. The bolt of fire hits you! You resist.
* * * LOW HITPOINT WARNING * * *
The observer gazes at you. Something smites you!
* * * LOW HITPOINT WARNING * * *
The sculptor of flesh is engulfed in blazing flames.
The accursed points at you and mumbles some strange words.
Something smites you!
* * * LOW HITPOINT WARNING * * *
You hear a shout!
The tyrant waves its bony arms in wide circles.
The air twists around and strikes you!!!
You die...

################
####........)......
###.......)).))......
.......))§##)##.#####
.....G.))§)@))..G...
...####M§°○z##.##...
#....))§§MW......o.
..#..§§§§O§).#.#W.V.
#...@§))))...)o...
§.#.....)G)..D...O
.M..#G.o)))........
X.V.@.....))L.)Lo..
Xz.§..............


You could see 2 accurseds, 2 tyrants, The Servant, an eight-headed meat hydra, 4
observers, a sculptor of flesh, The Defiler, a dread, a meat berserker (berserk)
and 2 bags of meat.

Vanquished Creatures
  Sigmund (D)
  13 hell beasts (D)
  A royal mummy (D)
  3 wraiths (D)
  13 vampire knights (D)
  31 ogres (D)
  7 two-headed ogres (D)
  4 liches (D)
  A hydra (D)
  68 orcs (D)
  3 phantoms (D)
  6 skeletal warriors (D)
151 creatures vanquished.

Vanquished Creatures (others)
  2 two-headed ogres (D)
  An eldritch tentacle (D)
3 creatures vanquished.

Grand Total: 154 creatures vanquished

Notes
Turn   | Place    | Note
-------+----------+-------------------------------------------
     0 | D        | Found the +∞ Axe of Woe
     0 | D        | smarlow the Djinni Warper began the quest for the Orb.
     0 | D        | Reached XP level 1. HP: 18/18 MP: 0/0
     3 | D        | Became a worshipper of Makhleb the Destroyer
     5 | D        | Noticed a bag of meat
     5 | D        | Noticed a meat berserker
     5 | D        | Noticed a bag of meat
     5 | D        | Noticed a meat berserker
     6 | D        | Noticed a meat berserker
     8 | D        | Noticed a bag of meat
     8 | D        | Noticed a bag of meat
     9 | D        | Killed a bag of meat
     9 | D        | Noticed a bag of meat
    10 | D        | Reached skill level 15 in Spellcasting
    10 | D        | Reached XP level 2. HP: 34/34 MP: 0/0
    10 | D        | Reached XP level 3. HP: 40/40 MP: 0/0
    10 | D        | Learned a level 1 spell: Beastly Appendage
    10 | D        | Reached XP level 4. HP: 45/45 MP: 0/0
    10 | D        | Reached XP level 5. HP: 50/50 MP: 0/0
    10 | D        | Learned a level 2 spell: Passwall
    10 | D        | Reached XP level 6. HP: 57/57 MP: 0/0
    10 | D        | Reached XP level 7. HP: 61/61 MP: 0/0
    10 | D        | Learned a level 3 spell: Dazzling Flash
    10 | D        | Reached XP level 8. HP: 67/67 MP: 0/0
    10 | D        | Reached XP level 9. HP: 73/73 MP: 0/0
    10 | D        | Learned a level 3 spell: Conjure Flame
    10 | D        | Reached XP level 10. HP: 78/78 MP: 0/0
    10 | D        | Reached XP level 11. HP: 84/84 MP: 0/0
    10 | D        | Learned a level 4 spell: Anguish
    10 | D        | Noticed a meat berserker
    10 | D        | Killed a bag of meat
    10 | D        | Reached * piety under Makhleb
    10 | D        | Killed a meat berserker
    10 | D        | Killed a meat berserker
    10 | D        | Noticed a bag of meat
    10 | D        | Noticed a bag of meat
    10 | D        | Noticed a large bag of meat
    10 | D        | Noticed a bag of meat
    11 | D        | Reached XP level 12. HP: 100/100 MP: 0/0
    11 | D        | Reached XP level 13. HP: 105/105 MP: 0/0
    11 | D        | Learned a level 5 spell: Fireball
    11 | D        | Reached XP level 14. HP: 112/112 MP: 0/0
    11 | D        | Noticed a bag of meat
    11 | D        | Noticed a bag of meat
    12 | D        | Noticed a bag of meat
    12 | D        | Noticed a bag of meat
    13 | D        | Killed a bag of meat
    13 | D        | Reached ** piety under Makhleb
    13 | D        | Noticed a bag of meat
    14 | D        | Noticed a large bag of meat
    14 | D        | Noticed a bag of meat
    14 | D        | Noticed a bag of meat
    15 | D        | Noticed a bag of meat
    15 | D        | Noticed a bag of meat
    16 | D        | Noticed a meat berserker
    16 | D        | Killed a bag of meat
    16 | D        | Killed a bag of meat
    16 | D        | Killed a bag of meat
    16 | D        | Reached *** piety under Makhleb
    16 | D        | Killed a meat berserker
    16 | D        | Killed a large bag of meat
    16 | D        | Noticed a bag of meat
    17 | D        | Reached skill level 5 in Throwing
    17 | D        | Reached skill level 5 in Armour
    17 | D        | Reached XP level 15. HP: 108/126 MP: 0/0
    17 | D        | Learned a level 6 spell: Iron Shot
    17 | D        | Reached XP level 16. HP: 113/132 MP: 0/0
    17 | D        | Noticed a meat berserker
    17 | D        | Noticed a meat berserker
    18 | D        | Killed a meat berserker
    18 | D        | Reached **** piety under Makhleb
    19 | D        | Reached skill level 27 in Spellcasting
    19 | D        | Reached XP level 17. HP: 144/146 MP: 0/0
    19 | D        | Learned a level 7 spell: Ozocubu's Refrigeration
    19 | D        | Noticed a meat berserker
    20 | D        | Noticed a large bag of meat
    20 | D        | Killed a large bag of meat
    20 | D        | Reached ***** piety under Makhleb
    20 | D        | Noticed a large bag of meat
    21 | D        | Reached XP level 18. HP: 140/158 MP: 0/0
    22 | D        | Killed a meat berserker
    23 | D        | Noticed a meat berserker
    24 | D        | Killed a meat berserker
    24 | D        | Killed a meat berserker
    24 | D        | Reached ****** piety under Makhleb
    24 | D        | Noticed a destroyer
    25 | D        | Reached skill level 27 in Fighting
    25 | D        | Reached skill level 27 in Axes
    25 | D        | Reached skill level 27 in Dodging
    25 | D        | Reached XP level 19. HP: 135/174 MP: 0/0
    25 | D        | Learned a level 7 spell: Monstrous Menagerie
    26 | D        | Reached XP level 20. HP: 181/181 MP: 0/0
    27 | D        | Killed a meat berserker
    28 | D        | Noticed a large bag of meat
    29 | D        | Noticed a destroyer
    30 | D        | Reached skill level 27 in Armour
    30 | D        | Reached XP level 21. HP: 187/187 MP: 0/0
    30 | D        | Learned a level 7 spell: Malign Gateway
    31 | D        | Killed a large bag of meat
    32 | D        | Reached skill level 27 in Throwing
    33 | D        | Killed a large bag of meat
    34 | D        | Killed a meat berserker
    34 | D        | Noticed a meat berserker
    35 | D        | Reached skill level 5 in Maces & Flails
    35 | D        | Reached skill level 5 in Polearms
    35 | D        | Reached skill level 5 in Slings
    35 | D        | Reached skill level 5 in Bows
    35 | D        | Reached skill level 5 in Crossbows
    35 | D        | Reached XP level 22. HP: 186/194 MP: 0/0
    35 | D        | Noticed a meat berserker
    36 | D        | Noticed a meat berserker
    38 | D        | Killed a destroyer
    38 | D        | Killed a meat berserker
    40 | D        | Reached skill level 10 in Short Blades
    40 | D        | Reached skill level 10 in Long Blades
    40 | D        | Reached skill level 10 in Staves
    40 | D        | Reached skill level 10 in Stealth
    40 | D        | Reached skill level 10 in Shields
    40 | D        | Reached skill level 10 in Unarmed Combat
    40 | D        | Reached skill level 10 in Invocations
    40 | D        | Reached skill level 10 in Evocations
    40 | D        | Noticed a destroyer
    41 | D        | Killed a destroyer
    41 | D        | Killed a meat berserker
    41 | D        | Noticed a meat berserker
    42 | D        | Reached skill level 10 in Maces & Flails
    42 | D        | Reached skill level 10 in Polearms
    42 | D        | Reached skill level 10 in Slings
    42 | D        | Reached skill level 10 in Bows
    42 | D        | Reached skill level 10 in Crossbows
    42 | D        | Reached XP level 23. HP: 201/201 MP: 0/0
    42 | D        | Learned a level 7 spell: Enfeeble
    43 | D        | Noticed a destroyer
    45 | D        | Noticed a destroyer
    45 | D        | Noticed a destroyer
    46 | D        | Noticed an accursed
    48 | D        | Killed a destroyer
    50 | D        | Killed an accursed
    51 | D        | Reached skill level 15 in Short Blades
    51 | D        | Reached skill level 15 in Long Blades
    51 | D        | Reached skill level 15 in Staves
    51 | D        | Reached skill level 15 in Stealth
    51 | D        | Reached XP level 24. HP: 192/208 MP: 0/0
    51 | D        | Noticed a tyrant
    52 | D        | Reached skill level 15 in Maces & Flails
    52 | D        | Reached skill level 15 in Polearms
    52 | D        | Reached skill level 15 in Slings
    52 | D        | Reached skill level 15 in Bows
    52 | D        | Reached skill level 15 in Crossbows
    53 | D        | Killed a destroyer
    54 | D        | Reached XP level 25. HP: 214/214 MP: 0/0
    54 | D        | Learned a level 8 spell: Infestation
    54 | D        | Killed a large bag of meat
    57 | D        | Noticed a tyrant
    57 | D        | Noticed a destroyer
    58 | D        | Reached XP level 26. HP: 213/221 MP: 0/0
    58 | D        | Killed a destroyer
    60 | D        | Killed a destroyer
    62 | D        | Noticed a dread
    63 | D        | Killed a tyrant
    64 | D        | Killed a dread
    65 | D        | Reached XP level 27. HP: 223/228 MP: 0/0
    65 | D        | Learned a level 9 spell: Chain Lightning
    66 | D        | Noticed a dread
    66 | D        | Killed a tyrant
    67 | D        | Reached skill level 27 in Stealth
    68 | D        | Noticed a meat beast
    68 | D        | Noticed a destroyer
    69 | D        | Killed a destroyer
    70 | D        | Noticed a meat beast
    71 | D        | Noticed a destroyer
    72 | D        | Noticed a meat beast
    72 | D        | Noticed a meat beast
    73 | D        | Killed a meat beast
    73 | D        | Killed a dread
    74 | D        | Killed a meat beast
    74 | D        | Noticed a destroyer
    76 | D        | Killed a destroyer
    77 | D        | Killed a meat beast
    78 | D        | Reached skill level 27 in Short Blades
    78 | D        | Reached skill level 27 in Long Blades
    78 | D        | Reached skill level 27 in Shields
    78 | D        | Reached skill level 27 in Unarmed Combat
    78 | D        | Reached skill level 27 in Invocations
    78 | D        | Reached skill level 27 in Evocations
    78 | D        | Killed a meat beast
    79 | D        | Reached skill level 27 in Maces & Flails
    79 | D        | Reached skill level 27 in Polearms
    79 | D        | Reached skill level 27 in Staves
    80 | D        | Reached skill level 27 in Slings
    80 | D        | Reached skill level 27 in Bows
    80 | D        | Reached skill level 27 in Crossbows
    80 | D        | Killed a destroyer
    81 | D        | Noticed a meat beast
    81 | D        | Noticed an accursed
    81 | D        | Noticed an accursed
    82 | D        | Noticed a large bag of meat
    83 | D        | Killed a destroyer
    83 | D        | Noticed a destroyer
    83 | D        | Noticed a tyrant
    84 | D        | Noticed a large bag of meat
    84 | D        | Noticed a destroyer
    85 | D        | Killed a meat beast
    86 | D        | Noticed a meat beast
    86 | D        | Noticed a dread
    87 | D        | Noticed a meat beast
    87 | D        | Noticed a meat beast
    87 | D        | Noticed a large bag of meat
    87 | D        | Noticed a meat beast
    88 | D        | Noticed a meat beast
    88 | D        | Noticed a meat beast
    88 | D        | Noticed a meat beast
    89 | D        | Killed a meat beast
    90 | D        | Noticed a destroyer
    90 | D        | Noticed a tyrant
    90 | D        | Noticed a meat beast
    90 | D        | Noticed The Captor
    90 | D        | Noticed a large bag of meat
    90 | D        | Noticed a dread
    91 | D        | Killed a large bag of meat
    91 | D        | Killed a meat beast
    91 | D        | Killed a destroyer
    91 | D        | Killed a meat beast
    91 | D        | Killed a meat beast
    93 | D        | Killed a meat beast
    93 | D        | Killed a dread
    93 | D        | Killed a meat beast
    95 | D        | Killed a meat beast
    95 | D        | Killed a destroyer
    96 | D        | Killed The Captor
    96 | D        | Killed a large bag of meat
    97 | D        | Killed a tyrant
    97 | D        | Killed a large bag of meat
    98 | D        | Killed a meat beast
    99 | D        | Noticed The Defiler
   100 | D        | Killed a destroyer
   101 | D        | Killed a large bag of meat
   102 | D        | Killed a tyrant
   102 | D        | Noticed a meat beast
   102 | D        | Noticed a tyrant
   102 | D        | Noticed The Servant
   102 | D        | Noticed a tyrant
   103 | D        | Killed from afar by a tyrant

Illustrated notes

Levels and vault maps discovered:
D:        meatsprint

Skill      XL: |  1  2  3  4  5  6  7  8  9 10 11 12 13 14 15 16 17 18 19 20 21 22 23 24 25 26 27 |
---------------+----------------------------------------------------------------------------------+-----
Fighting       | 9 14 18 21 23 27 | 27.0
Axes           | 8 13 17 20 23 27 | 27.0
Throwing       | 3 4 5 6 12 17 22 27 | 27.0
Armour         | 2 3 5 7 13 22 27 | 27.0
Dodging        | 9 13 16 19 20 27 | 27.0
Spellcasting   | 15 22 26 27 | 27.0
Short Blades   | 6 11 15 17 19 21 27 | 27.0
Long Blades    | 6 11 15 17 19 21 27 | 27.0
Maces & Flails | 5 10 14 16 17 20 27 | 27.0
Polearms       | 5 10 14 16 17 20 27 | 27.0
Staves         | 6 11 15 17 19 21 27 | 27.0
Slings         | 5 10 14 16 17 20 27 | 27.0
Bows           | 5 10 14 16 17 20 27 | 27.0
Crossbows      | 5 10 14 16 17 20 27 | 27.0
Stealth        | 6 11 15 17 19 21 27 | 27.0
Shields        | 6 11 16 17 19 22 27 | 27.0
Unarmed Combat | 6 11 16 17 19 22 27 | 27.0
Invocations    | 6 11 16 17 19 22 27 | 27.0
Evocations     | 6 11 16 17 19 22 27 | 27.0

Action                   |  1- 3 |  4- 6 |  7- 9 | 10-12 | 13-15 | 16-18 | 19-21 | 22-24 | 25-27 || total
-------------------------+-------+-------+-------+-------+-------+-------+-------+-------+-------++-------
Melee: Executioner's axe |     1 |       |       |     1 |     2 |     5 |     6 |     9 |    35 ||    59
 Cast: Malign Gateway    |       |       |       |       |       |       |     1 |       |       ||     1
       Infestation       |       |       |       |       |       |       |       |       |     1 ||     1
       Chain Lightning   |       |       |       |       |       |       |       |       |    13 ||    13
  Use: Potion            |     1 |       |       |       |       |       |       |       |       ||     1
 Stab: Distracted        |       |       |       |       |       |       |       |       |     1 ||     1
Armor: Leather armour    |       |       |       |       |       |       |       |       |     1 ||     1
Dodge: Dodged            |       |       |       |       |       |       |     1 |       |    12 ||    13
